 Dungeon Crawl Stone Soup version 0.22-a0-247-gbddf880 (webtiles) character file.

135 wolfsongas the Quickloader (level 5, 0/64 HPs)
             Began as a Gnoll Hunter on Feb 23, 2018.
             Succumbed to a worker ant's poison
             ... on level 2 of the Dungeon.
             The game lasted 00:02:53 (1252 turns).

wolfsongas the Quickloader (Gnoll Hunter)           Turns: 1252, Time: 00:02:53

Health: 0/64       AC: 22    Str: 13 (15) XL:     5   Next: 18%
Magic:  5/7        EV:  2    Int: 12 (14) God:
Gold:   48         SH:  7    Dex: 12 (15) Spells: 6/6 levels left

rFire    . . .     SeeInvis .   b - +0 short sword
rCold    . . .     Gourm    .   l - +0 shield
rNeg     + + +     Faith    .   (armour currently unavailable)
rPois    +         Spirit   .   (helmet currently unavailable)
rElec    .         Reflect  .   (cloak currently unavailable)
rCorr    +         Harm     .   (gloves currently unavailable)
MR       .....     NoTele   +   (boots currently unavailable)
Stlth    ++........             (no amulet)
HPRegen  0.20/turn              j - ring of resist corrosion
MPRegen  0.10/turn              (no ring)

@: lethally poisoned (0 -> -4), tree-form, hasted (expiring), very quick
A: distributed training, strong nose
a: no special abilities


You were on level 2 of the Dungeon.
You were not hungry.
You were a tree.
You visited 1 branch of the dungeon, and saw 2 of its levels.

You collected 48 gold pieces.

Inventory:

Hand Weapons
 a - a +1 hand crossbow
 b - a +0 short sword (weapon)
 c - a +0 hand axe
Missiles
 d - 9 bolts
Armour
 e - a +0 ring mail (melded)
 i - a cursed -2 robe
 l - a +0 shield (worn)
 p - a +1 helmet (melded)
Jewellery
 j - a ring of resist corrosion (left branch)
Wands
 n - a wand of random effects (24)
Scrolls
 g - 2 scrolls of remove curse {unknown}
 q - a scroll of fog {unknown}
Comestibles
 f - a ration
 r - 6 chunks of flesh


   Skills:
 + Level 4.7 Fighting
 + Level 1.3 Short Blades
 + Level 1.3 Long Blades
 + Level 1.3 Axes
 + Level 1.3 Maces & Flails
 + Level 1.3 Polearms
 + Level 1.3 Staves
 + Level 1.3 Slings
 + Level 1.3 Bows
 + Level 8.6 Crossbows
 + Level 1.3 Throwing
 + Level 1.3 Armour
 + Level 4.7 Dodging
 + Level 2.7 Stealth
 + Level 1.3 Shields
 + Level 1.3 Unarmed Combat
 + Level 1.3 Spellcasting
 + Level 1.1 Conjurations
 + Level 1.1 Hexes
 + Level 1.1 Charms
 + Level 1.1 Summonings
 + Level 1.1 Necromancy
 + Level 1.1 Translocations
 + Level 1.1 Transmutations
 + Level 1.1 Fire Magic
 + Level 1.1 Ice Magic
 + Level 1.1 Air Magic
 + Level 1.1 Earth Magic
 + Level 1.1 Poison Magic
 + Level 1.5 Invocations
 + Level 1.3 Evocations


You had 6 spell levels left.
You didn't know any spells.

Dungeon Overview and Level Annotations

Branches:
Dungeon (2/15)

Altars:


Innate Abilities, Weirdness & Mutations

Your experience applies equally to all skills.
((You have very sharp teeth.))
Your uncanny sense of smell can sniff out nearby items.


Message History

The adder is lightly wounded.
Your extra speed is starting to run out.
* * * LOW HITPOINT WARNING * * *
You feel sick. The adder bites you but does no damage.
The hobgoblin hits you but does no damage.
You hit the adder.
The adder is moderately wounded.
The adder bites you but does no damage.
You completely miss the adder.
The adder is moderately wounded.
* * * LOW HITPOINT WARNING * * *
You feel sick. The adder bites you but does no damage.
You block the hobgoblin's attack.
You miss the adder.
The adder is moderately wounded.
The adder bites you but does no damage.
The hobgoblin hits you but does no damage.
You closely miss the adder.
The adder is moderately wounded.
You die...

#### #..........# ...#
#..........#.. ...#
#..........#..
...#######......).....
........##..........#
...####..#÷....[....#
...# ##............#
..##########.....####...
#.##.......#.##.♣S......
#..#............$g......
##...........##.#.......
##...........##.#.......
.#..........###>#.......
...#...................#
..##........# #.#......#
..####.)###.###.#.......
....##........(


You could see an adder and a hobgoblin.

Vanquished Creatures
  A hound (D:2)
  A worker ant (D:2)
  Robin (D:2)
  An adder (D:2)
  2 dart slugs (D:1)
  A worm (D:2)
  A leopard gecko (D:1)
  4 bats (D:1)
  2 giant cockroaches
  8 goblins
  8 hobgoblins
  12 jackals
  A frilled lizard (D:2)
  3 kobolds
  3 rats (D:1)
49 creatures vanquished.

Notes
Turn   | Place    | Note
-------+----------+-------------------------------------------
     0 | D:1      | wolfsongas the Gnoll Hunter began the quest for the Orb.
     0 | D:1      | Reached XP level 1. HP: 20/20 MP: 1/1
   145 | D:1      | Reached XP level 2. HP: 26/26 MP: 2/2
   310 | D:1      | Reached XP level 3. HP: 31/31 MP: 3/3
   803 | D:2      | Reached skill level 1 in Invocations
   860 | D:2      | Noticed Robin
   861 | D:2      | Reached skill level 1 in Short Blades
   861 | D:2      | Reached skill level 1 in Long Blades
   861 | D:2      | Reached skill level 1 in Axes
   861 | D:2      | Reached skill level 1 in Maces & Flails
   861 | D:2      | Reached skill level 1 in Polearms
   861 | D:2      | Reached skill level 1 in Staves
   861 | D:2      | Reached skill level 1 in Slings
   861 | D:2      | Reached skill level 1 in Bows
   861 | D:2      | Reached skill level 1 in Throwing
   861 | D:2      | Reached skill level 1 in Armour
   861 | D:2      | Reached skill level 1 in Shields
   861 | D:2      | Reached skill level 1 in Unarmed Combat
   861 | D:2      | Reached skill level 1 in Spellcasting
   861 | D:2      | Reached skill level 1 in Evocations
   876 | D:2      | Reached XP level 4. HP: 38/38 MP: 5/5
   886 | D:2      | Killed Robin
   895 | D:2      | Reached skill level 1 in Conjurations
   895 | D:2      | Reached skill level 1 in Hexes
   895 | D:2      | Reached skill level 1 in Charms
   895 | D:2      | Reached skill level 1 in Summonings
   895 | D:2      | Reached skill level 1 in Necromancy
   895 | D:2      | Reached skill level 1 in Translocations
   895 | D:2      | Reached skill level 1 in Transmutations
   895 | D:2      | Reached skill level 1 in Fire Magic
   895 | D:2      | Reached skill level 1 in Ice Magic
   895 | D:2      | Reached skill level 1 in Air Magic
   895 | D:2      | Reached skill level 1 in Earth Magic
   895 | D:2      | Reached skill level 1 in Poison Magic
  1245 | D:2      | Reached XP level 5. HP: 9/43 MP: 5/7
  1247 | D:2      | HP: 2/64 [adder (3)]
  1252 | D:2      | Succumbed to a worker ant's poison

Vault maps used:
D:1:      eino_arrival_druids_welcome, grunt_decor_arrowhead,
          minmay_misc_feat_nine_boxes
D:2:      chequers_ecumenical_altar_island, uniq_robin

Skill      XL: |  1  2  3  4 |
---------------+-------------+-----
Invocations    | 1 |  1.5
Short Blades   | 1 |  1.3
Long Blades    | 1 |  1.3
Axes           | 1 |  1.3
Maces & Flails | 1 |  1.3
Polearms       | 1 |  1.3
Staves         | 1 |  1.3
Slings         | 1 |  1.3
Bows           | 1 |  1.3
Throwing       | 1 |  1.3
Armour         | 1 |  1.3
Shields        | 1 |  1.3
Unarmed Combat | 1 |  1.3
Spellcasting   | 1 |  1.3
Evocations     | 1 |  1.3
Conjurations   | 1 |  1.1
Hexes          | 1 |  1.1
Charms         | 1 |  1.1
Summonings     | 1 |  1.1
Necromancy     | 1 |  1.1
Translocations | 1 |  1.1
Transmutations | 1 |  1.1
Fire Magic     | 1 |  1.1
Ice Magic      | 1 |  1.1
Air Magic      | 1 |  1.1
Earth Magic    | 1 |  1.1
Poison Magic   | 1 |  1.1
Fighting       | |  4.7
Crossbows      | |  8.6
Dodging        | |  4.7
Stealth        | |  2.7

Action                   |  1- 3 |  4- 6 || total
-------------------------+-------+-------++-------
Melee: Short sword       |       |    78 ||    78
       Bite              |       |     9 ||     9
 Fire: Hand crossbow     |    61 |     3 ||    64
  Use: Potion            |       |     4 ||     4
  Eat: Chunk             |       |     1 ||     1
Armor: Ring mail         |       |    24 ||    24
       Skin              |       |    23 ||    23
Dodge: Dodged            |     1 |    40 ||    41
Block: Shield            |       |    30 ||    30

Table legend:
 A = Spawn XP
 B = Non-spawn XP
 C = Spawn XP percentage of total XP
 D = Spawn monster count
 E = Non-spawn monster count
 F = Spawn count percentage of total count
 G = Total turns spent on level
                    A         B        C        D         E        F      G
               +---------+---------+-------+---------+---------+-------+---------
         Total |       0 |     194 |   0.0 |       0 |      49 |   0.0 |  1252
               +---------+---------+-------+---------+---------+-------+---------
           D:1 |       0 |      42 |   0.0 |       0 |      22 |   0.0 |   774
           D:2 |       0 |     152 |   0.0 |       0 |      27 |   0.0 |   478
               +---------+---------+-------+---------+---------+-------+---------
